 Dungeon Crawl Stone Soup version 0.30-a0-263-ge22c4ad894 (webtiles) character file.

Game seed: 14006077218728251686

352 bande the Covered (level 6, -16/38 HPs)
             Began as a Gargoyle Fighter on Oct 14, 2022.
             Demolished by an ogre
             ... wielding a +0 giant spiked club
              (19 damage)
             ... on level 4 of the Dungeon.
             The game lasted 00:04:34 (2913 turns).

bande the Covered (Gargoyle Fighter)                Turns: 2913, Time: 00:04:35

Health: -16/38     AC: 14    Str: 19    XL:     6   Next: 61%
Magic:  6/6        EV:  7    Int:  9    God:
Gold:   187        SH:  4    Dex: 11    Spells: 5/5 levels left

rFire   . . .      SeeInvis .    a - +0 war axe
rCold   . . .      Faith    .    c - +0 buckler
rNeg    + . .      Spirit   .    q - +0 chain mail {Will+}
rPois   ∞          Reflect  .    (no helmet)
rElec   +          Harm     .    (no cloak)
rCorr   .          Rampage  .    (no gloves)
Will    +....                    (no boots)
Stlth   ..........               (no amulet)
HPRegen 0.26/turn                (no ring)
MPRegen 0.10/turn                (no ring)

@: no status effects
A: sickness immunity, AC +4, negative energy resistance 1, electricity
resistance, torment resistance 1, petrification resistance
a: no special abilities


You were on level 4 of the Dungeon.
You visited 1 branch of the dungeon, and saw 4 of its levels.

You collected 187 gold pieces.

Inventory:

Hand Weapons
 a - a +0 war axe (weapon)
 n - a +0 flail
 o - a +0 war axe
Armour
 c - a +0 buckler (worn)
 q - a +0 chain mail of willpower (worn)
Jewellery
 g - a ring of ice
Wands
 b - a wand of polymorph (4)
Scrolls
 e - a scroll of vulnerability {unknown}
 h - a scroll of immolation {unknown}
 j - a scroll of butterflies {unknown}
 l - a scroll of teleportation {unknown}
 m - a scroll of amnesia {unknown}
 s - a scroll of identify {unknown}
Potions
 d - a potion of might
 f - 2 potions of haste {unknown}
 i - 2 potions of resistance {unknown}
 k - a potion of brilliance {unknown}
 p - a potion of invisibility {unknown}
 r - 2 potions of curing {unknown}


   Skills:
 + Level 4.0 Fighting
 + Level 4.1 Axes
 + Level 4.5 Armour
 + Level 3.9 Shields
 * Level 2.2 Evocations


You had 5 spell levels left.
You didn't know any spells.
Your spell library contained the following spells:

 Spells                   Type           Power      Damage    Failure   Level
 Shock                    Conj/Air       0%         1d3       99%         1
 Slow                     Hex            0%         N/A       99%         1
 Confusing Touch          Hex            0%         N/A       100%        3
 Frozen Ramparts          Ice            0%         1d1       100%        3
 Ozocubu's Armour         Ice            0%         N/A       100%        3
 Swiftness                Air            0%         N/A       100%        3
 Vampiric Draining        Necr           0%         2d6       100%        3
 Airstrike                Air            0%         2d(0-16)  100%        4
 Dispel Undead            Necr           0%         3d6       100%        4
 Ice Form                 Ice/Tmut       0%         N/A       100%        4
 Summon Ice Beast         Ice/Summ       0%         N/A       100%        4
 Death Channel            Necr           0%         N/A       100%        6
 Ozocubu's Refrigeration  Ice            0%         4d7       100%        7
 Cigotuvi's Dreadful Rot  Necr/Pois/Air  Unusable   N/A       N/A         2

Dungeon Overview and Level Annotations

Branches:
Dungeon (4/15)
 Temple: D:4-7

Altars:
Makhleb
Qazlal
Yredelemnul

Shops:
D:3 (   D:4 :

Annotations:
D:3 1 runed translucent door


Innate Abilities, Weirdness & Mutations

You are immune to sickness and miasma.
Your stone body is resilient. (AC +4)
You are immune to poison.
You resist negative energy. (rN+)
You are resistant to electric shocks. (rElec)
You are resistant to unholy torment.
You are immune to petrification.


Message History

a +0 dagger; a +0 leather armour
Things that are here:
a +0 hand axe; a +0 leather armour
Things that are here:
a +0 flail; an orc corpse You pick up Ozocubu's Autobiography and begin reading...
You add the spells Ozocubu's Armour and Ozocubu's Refrigeration to your library.
Found an escape hatch in the ceiling.
No target in view!
An ogre comes into view. It is wielding a +0 giant spiked club.
An ogre is nearby!
The ogre shouts!
No target in view!
No target in view!
No target in view!
No target in view!
No target in view!
No target in view!
No target in view!
No target in view!
The ogre hits you with a +0 giant spiked club!
A goblin comes into view. It is wielding a +0 dagger.
You completely miss the ogre.
The goblin shouts!
You hit the ogre.
The ogre is lightly wounded.
The ogre closely misses you.
You slash the ogre!
The ogre is moderately wounded.
The ogre hits you with a +0 giant spiked club!!
Ouch! That really hurt!
* * * LOW HITPOINT WARNING * * *
You barely miss the ogre.
The ogre is moderately wounded.
You block the ogre's attack.
You slash the ogre!
The ogre is severely wounded.
The ogre hits you with a +0 giant spiked club!!
Ouch! That really hurt!
You die...

#...# # #...# # #...#
# #...# ### ##...#
##.. ###....###
######..#
#..<.....###......##
##.##.........######.
#.gO@......######....
#....######...#
##..... .## #####
#...... #......
#...... ##.....
#...... #......
#......


You could see an ogre and a goblin.

Vanquished Creatures
  An ogre (D:4)
  A phantom (D:3)
  An orc priest (D:4)
  Jessica (D:3)
  Ijyb (D:3)
  3 adders (D:3)
  A worm (D:3)
  2 dart slugs
  11 orcs
  6 bats
  6 endoplasms
  A giant cockroach (D:1)
  3 goblins
  2 hobgoblins
  7 jackals (D:1)
  A quokka (D:1)
  7 ball pythons
  2 frilled lizards
  A jackal skeleton (D:3)
  A jackal zombie (D:3)
  7 kobolds
  A kobold zombie (D:3)
  9 rats
76 creatures vanquished.

Notes
Turn   | Place    | Note
-------+----------+-------------------------------------------
     0 | D:1      | bande the Gargoyle Fighter began the quest for the Orb.
     0 | D:1      | Reached XP level 1. HP: 14/14 MP: 1/1
   136 | D:1      | Reached XP level 2. HP: 19/19 MP: 2/2
   496 | D:1      | Reached XP level 3. HP: 23/23 MP: 3/3
  1520 | D:2      | Found a stormy altar of Qazlal.
  1663 | D:3      | Reached XP level 4. HP: 25/28 MP: 4/4
  1683 | D:3      | Noticed Jessica
  1687 | D:3      | Killed Jessica
  1694 | D:3      | Reached skill level 1 in Evocations
  1838 | D:3      | Found a faded altar of an unknown god.
  1889 | D:3      | Noticed a phantom
  1900 | D:3      | Killed a phantom
  1901 | D:3      | Reached XP level 5. HP: 24/33 MP: 5/5
  1942 | D:3      | Noticed Ijyb
  1944 | D:3      | Found Dawe's Weapon Boutique.
  1974 | D:3      | Killed Ijyb
  2373 | D:3      | Found a runed translucent door.
  2374 | D:3      | Noticed a human
  2377 | D:3      | Found a basalt altar of Yredelemnul.
  2412 | D:3      | Reached XP level 6. HP: 38/38 MP: 6/6
  2795 | D:4      | Found a burning altar of Makhleb.
  2795 | D:4      | Noticed a balrug
  2807 | D:4      | Found Venluor's Book Emporium.
  2913 | D:4      | Demolished by an ogre

Illustrated notes

Levels and vault maps discovered:
D:1:      minmay_arrival_solitary_statue, layout_basic, st_stairs_11,
          hangedman_abyss_or_decor_stabs, serial_bayou_pond_a
D:2:      cheibrodos_helix_gallery, layout_basic, basic_altar
D:3:      layout_rooms, dk_yredelemnul_ordeal, serial_shops,
          nicolae_shop_bloodbath_and_beyond,
          hellmonk_ecumenical_altar_heavens_door,
          chequers_serial_rivers_small_b, minivault_23, uniq_ijyb, uniq_jessica
D:4:      layout_rooms, fedhas_altar_4, trog_hazing_becter,
          makhleb_altar_promises_db, grunt_gozag_breadcrumbs, serial_shops,
          nicolae_take_the_stairs

Skill      XL: |  1  2  3  4  5  6 |
---------------+-------------------+-----
Axes           | 2 3 4 |  4.1
Evocations     | 1 2 |  2.2
Armour         | 4 |  4.5
Fighting       | 4 |  4.0
Shields        | |  3.9

Action                   |  1- 3 |  4- 6 || total
-------------------------+-------+-------++-------
Melee: War axe           |   116 |   139 ||   255
Armor: Scale mail        |    42 |       ||    42
       Chain mail        |    15 |    78 ||    93
Dodge: Dodged            |    51 |    48 ||    99
Block: Buckler           |    29 |    36 ||    65

Table legend: (Time is in decaauts)
 A = Elapsed time spent in this place.
 B = Non-inter-level travel time spent in this place.
 C = Inter-level travel time spent in this place.
 D = Time resting spent in this place.
 E = Time spent auto-exploring this place.
 F = Levels seen in this place.
 G = Mean time per level.
                   A        B        C        D        E       F      G
               +--------+--------+--------+--------+--------+-----+--------+
         Total |   3015 |   2864 |    151 |    358 |   1769 |   4 |  753.8 |
       Dungeon |   3015 |   2864 |    151 |    358 |   1769 |   4 |  753.8 |
               +--------+--------+--------+--------+--------+-----+--------+

Top non-repeatable levels by time:
     D:3: 1122 daAuts
     D:1: 1034 daAuts
     D:2: 661 daAuts
     D:4: 198 daAuts
